 Dungeon Crawl Stone Soup version 0.32-a0-666-ge8a88695a4 (webtiles) character file.

Game seed: 18388991478175097892

29420 Shayle the Nimble (level 13, -3/99 HPs)
             Began as a Coglin Alchemist on Mar 9, 2024.
             Was an Initiate of Gozag.
             Killed from afar by a deep elf pyromancer (24 damage)
             ... with a bolt of fire
             ... on level 14 of the Dungeon on Mar 10, 2024.
             The game lasted 01:24:24 (21521 turns).

Shayle the Nimble (Coglin Alchemist)               Turns: 21521, Time: 01:24:24

Health: -3/99      AC:  7    Str:  7    XL:     13   Next: 45%
Magic:  20/24      EV: 16    Int: 27    God:    Gozag
Gold:   594        SH:  4    Dex: 14    Spells: 6/27 levels left

rFire   . . .        e - +0 spear (heavy) {Gisele}
rCold   . . .        l - +0 rapier {Iseul}
rNeg    . . .        a - +0 robe
rPois   .            c - +0 helmet
rElec   +            F - +2 cloak {Will+}
rCorr   +            (no gloves)
SInv    .            x - +0 pair of boots of the Hills {Regen+ rCorr Int+3}
Will    +....        (amulet unavailable)
Stlth   ++           (ring unavailable)
HPRegen 1.16/turn    (ring unavailable)
MPRegen 0.19/turn    (no gizmo)

%: no passive effects
@: mighty, brilliant
A: off-hand wielding, slow wielding, warmup strikes, no jewellery, large bone
plates 1, clever 1, electricity resistance
a: Invent Gizmo, Renounce Religion, Potion Petition, Call Merchant, Bribe Branch


You were on level 14 of the Dungeon.
You worshipped Gozag.
Gozag was pleased with you.
You visited 3 branches of the dungeon, and saw 18 of its levels.

You collected 2698 gold pieces.
You spent 718 gold pieces at shops.
You paid 1386 gold pieces to Gozag.

Inventory:

Hand Weapons
 d - a +2 scimitar
 e - a +0 heavy spear (weapon) {Gisele}
 l - a +0 rapier (offhand) {Iseul}
 C - a +5 falchion
 E - a +2 broad axe
Missiles
 k - 10 atropa-tipped darts
 w - 3 curare-tipped darts
Armour
 a - a +0 robe (worn)
 c - a +0 helmet (worn)
 r - the +18 shield of the Gong {Loud rN+ Will+ rCorr EV-5}
   (You found it on level 8 of the Dungeon)

   Loud:      It is deafeningly noisy when blocking attacks.
   EV-5:      It affects your evasion (-5).
   rN+:       It protects you from negative energy.
   Will+:     It increases your willpower.
   rCorr:     It protects you from acid and corrosion.
 x - the +0 pair of boots of the Hills (worn) {Regen+ rCorr Int+3}
   (You bought it in a shop on level 7 of the Dungeon)

   Int+3:     It affects your intelligence (+3).
   Regen+:    It increases your rate of health regeneration.
   rCorr:     It protects you from acid and corrosion.
 z - the +4 ring mail of Tortured the Leaf {rCorr Int+4}
   (You found it on level 9 of the Dungeon)

   Int+4:     It affects your intelligence (+4).
   rCorr:     It protects you from acid and corrosion.
 F - a +2 cloak of willpower (worn)
Wands
 y - a wand of iceblast (5)
 D - a wand of charming (13)
 G - a wand of polymorph (3)
 H - a wand of flame (12)
Scrolls
 f - 2 scrolls of poison
 m - 6 scrolls of fear
 s - 7 scrolls of teleportation
 t - a scroll of amnesia
 B - a scroll of torment {unknown}
 I - 2 scrolls of acquirement {unknown}
Potions
 b - a potion of magic
 g - 2 potions of might
 h - 2 potions of berserk rage
 i - a potion of enlightenment
 j - 4 potions of brilliance
 n - 2 potions of invisibility
 o - 3 potions of attraction
 p - 3 potions of cancellation
 q - 4 potions of haste
 u - 3 potions of curing
 v - 2 potions of resistance
 A - 2 potions of lignification
 J - a potion of ambrosia
 K - a potion of mutation


   Skills:
 + Level 8.4 Fighting
 + Level 3.6 Armour
 - Level 8.4 Dodging
 - Level 1.5 Stealth
 - Level 7.7 Spellcasting
 - Level 8.1 Conjurations
 + Level 4.0 Necromancy
 + Level 7.6 Fire Magic
 + Level 7.4 Air Magic
 + Level 3.4 Earth Magic
 - Level 6.2 Alchemy


You had 6 spell levels left.
You knew the following spells:

 Your Spells              Type           Power      Damage    Failure   Level
a - Sting                 Conj/Alch      100%       1d9       1%          1
b - Mephitic Cloud        Conj/Alch/Air  65%        N/A       1%          3
c - Olgreb's Toxic Radia  Alch           60%        N/A       4%          4
d - Sticky Flame          Fire/Alch      64%        2d11      3%          4
e - Iskenderun's Mystic   Conj/Tloc      48%        2d11      10%         4
f - Borgnjor's Vile Clut  Necr/Erth      23%        N/A       32%         5

Your spell library contained the following spells:

 Spells                   Type           Power      Damage    Failure   Level
 Mercury Vapours          Alch/Air       100%       N/A       1%          2
 Sublimation of Blood     Necr           48%        N/A       1%          2
 Stone Arrow              Conj/Erth      100%       3d13      1%          3
 Dazzling Flash           Conj/Hex       96%        N/A       3%          3
 Hailstorm                Conj/Ice       48%        3d10      3%          3
 Freeze                   Ice            60%        1d7       5%          1
 Summon Small Mammal      Summ           60%        N/A       5%          1
 Petrify                  Alch/Erth      53%        N/A       8%          4
 Irradiate                Conj/Alch      32%        3d22      8%          5
 Lesser Beckoning         Tloc           30%        N/A       9%          2
 Summon Blazeheart Golem  Fire/Summ      46%        N/A       12%         4
 Alistair's Intoxication  Alch           40%        N/A       12%         5
 Call Canine Familiar     Summ           15%        N/A       16%         3
 Frozen Ramparts          Ice            30%        1d5       16%         3
 Gell's Gravitas          Tloc           15%        N/A       16%         3
 Summon Ice Beast         Ice/Summ       15%        N/A       16%         3
 Teleport Other           Tloc           15%        N/A       16%         3
 Tukima's Dance           Hex            15%        N/A       16%         3
 Animate Armour           Summ/Erth      58%        N/A       26%         4
 Curse of Agony           Necr           48%        N/A       28%         5
 Silence                  Hex/Air        22%        N/A       32%         5
 Dimensional Bullseye     Hex/Tloc       7%         N/A       47%         4
 Manifold Assault         Tloc           15%        N/A       47%         4
 Passage of Golubria      Tloc           15%        N/A       47%         4
 Eringya's Noxious Bog    Alch           30%        4d6       54%         6
 Death Channel            Necr           24%        N/A       85%         6
 Sculpt Simulacrum        Ice/Alch       20%        N/A       93%         6
 Dispersal                Tloc           7%         N/A       100%        6
 Disjunction              Tloc           7%         N/A       100%        8
 Lehudib's Crystal Spear  Conj/Erth      29%        10d8      100%        8
 Animate Dead             Necr           Unusable   N/A       N/A         4

Dungeon Overview and Level Annotations

Branches:
Dungeon (14/15)            Temple (1/1) D:7            Lair (3/5) D:8
    Orc (0/2) D:12
  Swamp: Lair:2-3    Shoals: Lair:2-3     Snake: Lair:2-3    Spider: Lair:2-3
 Vaults: D:13-14

Altars:
Ashenzari
Cheibriados
Dithmenos
Elyvilon
Fedhas
Gozag
Makhleb
Nemelex Xobeh
Okawaru
Ru
Sif Muna
Trog
Uskayaw
Vehumet
Wu Jian
Xom
Zin

Shops:
D:7 (?*[!   D:10 (   D:12 *

Annotations:
D:4 Menkaure


Innate Abilities, Weirdness & Mutations

You can wield a second weapon in your off-hand.
It takes a long time for you to wield or remove held weapons.
Your first few attacks do less damage.
You cannot equip rings or amulets.
You are partially covered in large bone plates. (SH +4)
Your mind is acute. (Int +4, Str/Dex -1)
You are resistant to electric shocks. (rElec)


Message History

Aim: a centaur warrior, wielding a +0 orcbow (unaware, hasn't noticed you, chance to affect: 53%)
You feel a surge of power!
The ball explodes into a vile cloud!
The stinking cloud engulfs the centaur warrior.
The centaur warrior is no longer distracted by gold.
The centaur warrior shouts!
You hear an angry buzzing noise.
The centaur warrior is engulfed in noxious fumes.
The troll misses you. The troll barely misses you. The troll claws you!
You hear an angry buzzing noise.
Unknown command.
The centaur warrior is engulfed in noxious fumes.
The centaur warrior appears confused.
The centaur warrior unwields a +0 orcbow.
The centaur warrior hits you. The centaur warrior closely misses you.
The troll bites you. The troll barely misses you. The troll closely misses you.
A deep elf pyromancer comes into view. It is wielding a +0 dagger.
Things that are here:
11 gold pieces; a +0 orcbow Unknown command.
The centaur warrior is engulfed in noxious fumes.
The centaur warrior appears confused.
The centaur warrior completely misses you.
The centaur warrior kicks you but does no damage.
The centaur warrior is engulfed in noxious fumes.
The centaur warrior appears confused.
The centaur warrior hits you!
* * * LOW HITPOINT WARNING * * *
The centaur warrior kicks you but does no damage.
Casting: Mephitic Cloud (safe; 1% risk of failure)
Confirm with . or Enter, or press ? or * to list all spells.
Aiming: Sticky Flame (dangerous; 3% risk of failure)
Press: ? - help, Shift-Dir - straight line, f/p - centaur warrior
Aim: a centaur warrior (noxious fumes, confused)
You feel a surge of power!
The sticky flame hits the centaur warrior!
The centaur warrior is lightly wounded.
The centaur warrior burns!
The centaur warrior is engulfed in noxious fumes.
The deep elf pyromancer casts a spell at you.
The bolt of fire hits you!!
You die...
Your body crumbles into a pile of gold.

.#. ...#.. ...#.
#.#...#+#####+ .....
+............. ....
#.............
..e#####...#.........
+○§.T.'##..........
#☼....# #..........
#c§$.$###..........
#...#@$.#...#.#.######
#...........#...#.#
####.....#####....#
####### ######


You could see a centaur warrior (confused, burning), a deep elf pyromancer and a
troll (confused).

Vanquished Creatures
  Erolcha (D:11)
  Fannar (Lair:2)
  2 catoblepae
  2 centaur warriors
  2 boulder beetles
  3 two-headed ogres
  A skyshark (Lair:1)
  An orc knight (D:12)
  An ugly thing (D:9)
  2 manticores
  Maurice (D:8)
  A meliai (shapeshifter) (D:14)
  2 cyclopes (D:12)
  A meliai (D:14)
  6 elephants (Lair:1)
  A vault sentinel (D:8)
  A black mamba (Lair:1)
  Joseph (D:9)
  4 cane toads
  An unseen horror (D:12)
  2 gargoyles
  2 rime drakes (Lair:2)
  4 komodo dragons
  A queen bee (shapeshifter) (D:13)
  5 trolls
  A polar bear (Lair:2)
  9 blink frogs
  2 vampires (D:12)
  A wyvern (D:8)
  2 basilisks
  21 yaks
  2 vampire mosquitoes (D:14)
  An acid dragon (D:12)
  4 water moccasins
  A sky beast (D:4)
  3 black bears
  An ice beast (D:4)
  6 orc warriors
  3 wolves (Lair:1)
  An ogre (D:4)
  8 centaurs
  A kobold brigand (D:10)
  8 bullfrogs
  A gnoll sergeant (D:9)
  A scorpion (Lair:2)
  12 wights
  11 killer bees
  3 howler monkeys (D:8)
  2 bombardier beetles (D:4)
  4 orc priests
  4 hounds
  Crazy Yiuf (D:7)
  A sleepcap (D:7)
  A gnoll bouda (D:7)
  4 iguanas
  7 orc wizards
  Natasha (twice) (D:3)
  Robin (D:3)
  8 adders
  14 gnolls
  2 dart slugs (D:1)
  A ribbon worm (D:6)
  38 orcs
  7 ball pythons
  7 endoplasms
  3 giant cockroaches
  18 goblins
  14 hobgoblins
  3 jackals (D:3)
  7 kobolds
  4 quokkas
  12 bats
  3 frilled lizards
  6 rats
326 creatures vanquished.

Vanquished Creatures (collateral kills)
  2 wights (D:8)
2 creatures vanquished.

Vanquished Creatures (others)
  A vault sentinel (D:8)
  A killer bee (D:9)
2 creatures vanquished.

Grand Total: 330 creatures vanquished

Notes
Turn   | Place    | Note
-------+----------+-------------------------------------------
     0 | D:1      | Shayle the Coglin Alchemist began the quest for the Orb.
     0 | D:1      | Reached XP level 1. HP: 13/13 MP: 3/3
   106 | D:1      | Reached skill level 1 in Conjurations
   184 | D:1      | Reached XP level 2. HP: 10/19 MP: 1/4
   724 | D:1      | Reached XP level 3. HP: 24/24 MP: 2/6
  1502 | D:2      | Reached XP level 4. HP: 16/30 MP: 2/7
  2174 | D:3      | Found an iron altar of Okawaru.
  2178 | D:3      | Found a bloodstained altar of Trog.
  2305 | D:3      | Noticed Natasha
  2346 | D:3      | Killed Natasha
  2351 | D:3      | Learned a level 3 spell: Mephitic Cloud
  2476 | D:3      | Found a glowing silver altar of Zin.
  2527 | D:3      | Reached XP level 5. HP: 34/35 MP: 8/8
  2831 | D:3      | Noticed Natasha
  2844 | D:3      | Gained mutation: You are clumsy. (Dex -2) [potion of
                  | mutation]
  2844 | D:3      | Gained mutation: You are weak. (Str -2) [potion of
                  | mutation]
  2846 | D:3      | Killed Natasha
  3187 | D:3      | Noticed Robin
  3210 | D:3      | Killed Robin
  3512 | D:3      | Lost mutation: You are weak. (Str -2) [potion of mutation]
  3512 | D:3      | Lost mutation: You are clumsy. (Dex -2) [potion of
                  | mutation]
  3512 | D:3      | Gained mutation: You are partially covered in large bone
                  | plates. (SH +4) [potion of mutation]
  3512 | D:3      | Gained mutation: You are resistant to electric shocks.
                  | (rElec) [potion of mutation]
  3512 | D:3      | Gained mutation: Your mind is acute. (Int +4, Str/Dex -1)
                  | [potion of mutation]
  3658 | D:4      | Reached XP level 6. HP: 11/41 MP: 7/10
  3922 | D:4      | Noticed a sky beast
  3938 | D:4      | Noticed Menkaure
  4112 | D:4      | Killed a sky beast
  4113 | D:4      | Reached skill level 5 in Alchemy
  4113 | D:4      | Reached XP level 7. HP: 46/46 MP: 5/12
  4118 | D:4      | Learned a level 4 spell: Olgreb's Toxic Radiance
  4238 | D:5      | Entered Level 5 of the Dungeon
  4643 | D:5      | Identified the ring "Xusuuq" {^Drain rElec Will- Int+6
                  | SInv}
  5287 | D:6      | Reached XP level 8. HP: 52/52 MP: 6/14
  6039 | D:6      | Found a snail-covered altar of Cheibriados.
  6113 | D:6      | Learned a level 4 spell: Sticky Flame
  6481 | D:6      | Reached skill level 1 in Fighting
  6481 | D:6      | Reached skill level 5 in Dodging
  6844 | D:7      | Found a transporter.
  6937 | D:7      | Found a transporter.
  6961 | D:7      | Found a runed translucent door.
  6980 | D:7      | Noticed Crazy Yiuf
  7005 | D:7      | Found Akoa's Weapon Shop.
  7071 | D:7      | Found an ornate altar of the Wu Jian Council.
  7164 | D:7      | Reached skill level 1 in Fire Magic
  7164 | D:7      | Reached skill level 1 in Air Magic
  7292 | D:7      | Found a staircase to the Ecumenical Temple.
  7297 | Temple   | Entered the Ecumenical Temple
  7324 | Temple   | Became a worshipper of Gozag Ym Sagoz the Greedy
  7512 | D:7      | Reached XP level 9. HP: 61/61 MP: 11/16
  7518 | D:7      | Found Atuap's General Store.
  7551 | D:7      | Bought 3 scrolls of teleportation for 99 gold pieces
  7551 | D:7      | Bought 3 curare-tipped darts for 39 gold pieces
  7551 | D:7      | Bought a potion of heal wounds for 55 gold pieces
  7579 | D:7      | Found Ciokla's Distillery.
  7587 | D:7      | Bought a potion of curing for 39 gold pieces
  7607 | D:7      | Found Sisyesko's Antique Armour Boutique.
  7886 | D:7      | Found Vuotauci's Magic Scroll Boutique.
  7889 | D:7      | Bought a scroll of identify for 28 gold pieces
  7957 | D:7      | Reached skill level 5 in Conjurations
  8210 | D:7      | Killed Crazy Yiuf
  8674 | D:8      | Reached skill level 5 in Spellcasting
  8960 | D:8      | Noticed a vault sentinel
  8966 | D:8      | Noticed a vault sentinel
  9497 | D:8      | Noticed Maurice
  9512 | D:8      | Killed Maurice
  9513 | D:8      | Reached XP level 10. HP: 57/71 MP: 1/18
  9644 | D:9      | Noticed a white ugly thing
  9644 | D:9      | Noticed Joseph
  9781 | D:8      | Found a staircase to the Lair.
  9785 | Lair:1   | Entered Level 1 of the Lair of Beasts
 10082 | Lair:1   | Noticed a cane toad
 10093 | Lair:1   | Killed a cane toad
 10178 | Lair:1   | Noticed a cane toad
 10188 | Lair:1   | Killed a cane toad
 10433 | Lair:1   | Noticed an elephant
 10874 | Lair:1   | Noticed an elephant
 10877 | Lair:1   | Noticed an elephant
 10877 | Lair:1   | Noticed an elephant
 10892 | Lair:1   | Killed an elephant
 10903 | Lair:1   | Killed an elephant
 10949 | Lair:1   | Noticed an elephant
 11061 | Lair:1   | Noticed an elephant
 11177 | Lair:1   | Killed an elephant
 11178 | Lair:1   | Reached skill level 5 in Fighting
 11183 | Lair:1   | Killed an elephant
 11477 | Lair:1   | Killed an elephant
 11478 | Lair:1   | Reached XP level 11. HP: 63/80 MP: 9/20
 11722 | Lair:2   | Reached skill level 5 in Fire Magic
 11883 | Lair:1   | Reached skill level 5 in Air Magic
 12052 | Lair:2   | Noticed a skyshark
 12298 | Lair:1   | Killed a skyshark
 13671 | Lair:2   | Reached XP level 12. HP: 65/89 MP: 4/22
 13930 | Lair:2   | Noticed Fannar
 13944 | Lair:2   | Killed Fannar
 14542 | Lair:3   | Noticed a catoblepas
 14776 | D:7      | Bought an embroidered cloak for 202 gold pieces
 15170 | D:8      | Found the +18 shield of the Gong {Loud rN+ Will+ rCorr
                  | EV-5}
 15391 | D:7      | Bought a pair of steaming boots for 256 gold pieces
 15391 | D:7      | Identified the +0 pair of boots of the Hills {Regen+ rCorr
                  | Int+3} (You bought it in a shop on level 7 of the Dungeon)
 15659 | D:9      | Learned a level 4 spell: Iskenderun's Mystic Blast
 15672 | D:9      | Found a shimmering altar of Xom.
 15974 | D:9      | Identified the +4 ring mail of Tortured the Leaf {rCorr
                  | Int+4}
 16281 | D:9      | Found a shimmering blue altar of Sif Muna.
 16281 | D:9      | Found a shadowy altar of Dithmenos.
 16306 | D:9      | Killed Joseph
 16726 | D:10     | Entered Level 10 of the Dungeon
 17164 | D:10     | Found Zanne's Weapon Shoppe.
 17807 | D:11     | Noticed Erolcha
 17807 | D:11     | Noticed a two-headed ogre
 17932 | D:11     | Killed Erolcha
 17933 | D:11     | Reached skill level 1 in Armour
 17933 | D:11     | Reached skill level 1 in Necromancy
 17933 | D:11     | Reached skill level 1 in Earth Magic
 17951 | D:11     | Killed a two-headed ogre
 19081 | D:12     | Noticed a boulder beetle
 19096 | D:11     | Killed a boulder beetle
 19403 | D:12     | Found Xyaqinuo's Blood Bar.
 19618 | D:12     | Reached XP level 13. HP: 89/98 MP: 14/24
 19739 | D:12     | Found a staircase to the Orcish Mines.
 20844 | D:13     | Learned a level 5 spell: Borgnjor's Vile Clutch
 21521 | D:14     | Killed from afar by a deep elf pyromancer

Illustrated notes

Levels and vault maps discovered:
D:1:      roderic_chinese_lattice_arrival, layout_loops_ring
D:2:      layout_rooms, st_stairs_9
D:3:      kennysheep_goblin_castle, layout_loops_ring, lemuel_doored_altar,
          chequers_temple_overflow_statue_of_worship, uniq_natasha
D:4:      layout_cave_pools, grunt_temple_overflow_holy_war,
          grunt_ministairs_11, serial_library_regret_index_split_case,
          uniq_eustachio, uniq_grinder, uniq_menkaure
D:5:      layout_loops_ring
D:6:      layout_basic, cheibrodos_worm_habitat
D:7:      layout_cave_pools, mainiacjoe_overflow_cross_hatched,
          minmay_temple_entry_ruins, serial_shops, nicolae_shop_stone, shop,
          nicolae_shop_drivethru, nicolae_shop_behind_doors,
          kennysheep_mini_moat, hangedman_decor_growths,
          kennysheep_generic_room_3, uniq_crazy_yiuf_cottage
D:8:      layout_loops_cross, lair_entry_dummy, hellmonk_guarded_unrand_gong,
          uniq_maurice
D:9:      layout_rooms, nicolae_overflow_hidden_temple,
          mainiacjoe_overflow_concentric_impassable, st_stairs_2,
          small_chamber_with_monster, uniq_joseph
D:10:     layout_gridville, serial_shops, nicolae_shop_hallway_stairs
D:11:     layout_basic, uniq_erolcha
D:12:     layout_cave_pools, orc_david_3, guppyfry_shop_blood
D:13:     layout_gridville, david_vaults_4, hangedman_abyss_or_decor_stagger,
          grunt_qazlal_sundering
D:14:     layout_stronghold, serial_rivers, chequers_serial_rivers_micro_e,
          chequers_serial_rivers_micro_a, chequers_serial_rivers_micro_b,
          chequers_serial_rivers_small_b, minmay_misc_feat_plants,
          minmay_fractal_squares_diagonal_5, uniq_lodul
Temple:   nicolae_temple_ecumenical_triangle
Lair:1:   layout_cave_pods
Lair:2:   layout_hall_layers, grunt_megastairs_1, serial_bayou_shore_a,
          uniq_fannar
Lair:3:   layout_cave_pods, palyth_hydra_swamp_entry,
          minmay_snake_entry_guardpost_medium, serial_bayou_pond_a,
          eino_house_with_fridge, uniq_urug

Skill      XL: |  1  2  3  4  5  6  7  8  9 10 11 12 13 |
---------------+----------------------------------------+-----
Conjurations   | 1 2 3 4 5 6 7 8 |  8.1
Dodging        | 2 3 4 5 6 7 8 |  8.4
Spellcasting   | 2 3 4 5 6 7 |  7.7
Alchemy        | 4 5 6 |  6.2
Fighting       | 1 3 5 6 7 8 |  8.4
Fire Magic     | 1 3 4 5 7 |  7.6
Air Magic      | 1 3 4 5 6 7 |  7.4
Armour         | 2 3 |  3.6
Necromancy     | 2 4 |  4.0
Earth Magic    | 2 3 |  3.4
Stealth        | |  1.5

Action                     |  1- 3 |  4- 6 |  7- 9 | 10-12 | 13-15 || total
---------------------------+-------+-------+-------+-------+-------++-------
  Melee: Unarmed           |    13 |       |       |       |       ||    13
         Spear             |    29 |   130 |   191 |   227 |    51 ||   628
         Rapier            |       |    96 |   164 |   208 |    46 ||   514
   Cast: Sting             |    54 |    38 |     4 |    24 |     3 ||   123
         Mephitic Cloud    |       |    10 |    29 |    69 |    19 ||   127
         Olgreb's Toxic Ra |       |       |     2 |    26 |     9 ||    37
         Sticky Flame      |       |       |    30 |   101 |    30 ||   161
         Iskenderun's Myst |       |       |       |     4 |     3 ||     7
 Invoke: Potion Petition   |       |       |       |     2 |     1 ||     3
  Evoke: Wand              |       |       |       |    12 |       ||    12
    Use: Potion            |       |     9 |     2 |     3 |       ||    14
         Scroll            |       |     4 |       |    17 |     1 ||    22
   Stab: Confused          |       |    13 |    28 |    30 |    13 ||    84
         Sleeping          |       |       |     1 |     2 |       ||     3
         Distracted        |       |       |       |     1 |       ||     1
 Armour: Robe              |    38 |   127 |   135 |   226 |    60 ||   586
         Skin              |       |    15 |       |       |       ||    15
  Dodge: Dodged            |    50 |   117 |   190 |   262 |    79 ||   698
  Block: Other             |       |     7 |    43 |    68 |    13 ||   131

Table legend: (Time is in decaauts)
 A = Elapsed time spent in this place.
 B = Non-inter-level travel time spent in this place.
 C = Inter-level travel time spent in this place.
 D = Time resting spent in this place.
 E = Time spent auto-exploring this place.
 F = Levels seen in this place.
 G = Mean time per level.
                   A        B        C        D        E       F      G
               +--------+--------+--------+--------+--------+-----+--------+
         Total |  21841 |  21028 |    813 |   7392 |   8759 |  18 | 1213.4 |
       Dungeon |  16750 |  16131 |    619 |   4828 |   7496 |  14 | 1196.4 |
        Temple |    142 |    142 |      0 |     91 |      0 |   1 |  142.0 |
          Lair |   4949 |   4755 |    194 |   2473 |   1263 |   3 | 1649.7 |
               +--------+--------+--------+--------+--------+-----+--------+

Top non-repeatable levels by time:
  Lair:1: 3347 daAuts
     D:8: 1940 daAuts
     D:7: 1783 daAuts
     D:6: 1771 daAuts
    D:11: 1615 daAuts
  Lair:2: 1595 daAuts
     D:3: 1511 daAuts
     D:1: 1286 daAuts
     D:9: 1225 daAuts
    D:10: 1015 daAuts
    D:12: 916 daAuts
     D:2: 880 daAuts
     D:4: 789 daAuts
     D:5: 717 daAuts
    D:13: 670 daAuts
